 Dungeon Crawl Stone Soup version 0.29-a0-334-gb41bcbb86e (webtiles) character file.

Game seed: 6913156587091207088

4013 jlumianski the Cleaver (level 10, -3/76 HPs)
             Began as a Demonspawn Fighter on Apr 14, 2022.
             Slain by a steam dragon (4 damage)
             ... on level 8 of the Dungeon.
             The game lasted 00:31:48 (9054 turns).

jlumianski the Cleaver (Demonspawn Fighter)         Turns: 9054, Time: 00:31:49

Health: -3/76      AC: 17    Str: 27    XL:     10   Next: 3%
Magic:  10/10      EV: 11    Int: 10    God:
Gold:   67         SH:  6    Dex: 12    Spells: 9/9 levels left

rFire   . . .      SeeInvis +   a - +1 war axe
rCold   . . .      Faith    .   c - +1 buckler
rNeg    + . .      Spirit   .   f - +3 scale mail {rN+}
rPois   .          Reflect  .   n - +1 hat
rElec   .          Harm     .   i - +0 cloak
rCorr   .          Rampage  .   o - +1 pair of gloves
Will    .....                   (no boots)
Stlth   ..........              (no amulet)
HPRegen 0.22/turn               F - ring of see invisible
MPRegen 0.12/turn               K - +6 ring of strength

@: no status effects
A: icy blue scales 1, foul stench 2
a: no special abilities


You were on level 8 of the Dungeon.
You visited 2 branches of the dungeon, and saw 9 of its levels.

You collected 412 gold pieces.
You spent 345 gold pieces at shops.

Inventory:

Hand Weapons
 a - a +1 war axe (weapon)
 h - a +0 fustibalus
 p - a +3 whip
 A - a +4 quarterstaff of chaos
Missiles
 e - 278 stones
 k - 22 poisoned darts
 l - 5 javelins (quivered)
 t - 2 throwing nets
 x - 8 boomerangs
 R - a curare-tipped dart
Armour
 b - a +0 scale mail
 c - a +1 buckler (worn)
 f - a +3 scale mail of positive energy (worn)
 i - a +0 cloak (worn)
 n - a +1 hat (worn)
 o - a +1 pair of gloves (worn)
 M - the +0 scale mail of Nyjosior {rElec}
   (You found it on level 6 of the Dungeon)

   rElec:     It insulates you from electricity.
Magical Staves
 G - a staff of fire
Jewellery
 q - a +6 ring of intelligence
 u - a +4 ring of evasion
 B - a ring of protection from fire
 F - a ring of see invisible (left hand)
 K - a +6 ring of strength (right hand)
Wands
 z - a wand of mindburst (23)
 E - a wand of flame (20)
 O - a wand of iceblast (11)
Scrolls
 j - 3 scrolls of teleportation
 r - a scroll of magic mapping
 s - 4 scrolls of enchant weapon
 y - a scroll of fog
 C - 2 scrolls of immolation
 H - 3 scrolls of identify
 J - 2 scrolls of vulnerability {unknown}
 P - a scroll of enchant armour
Potions
 d - a potion of invisibility
 g - 2 potions of degeneration
 m - a potion of resistance
 v - 4 potions of flight
 w - a potion of cancellation
 D - 2 potions of lignification
 I - 2 potions of brilliance
 L - 2 potions of might
 N - 2 potions of curing
 Q - a potion of ambrosia
 S - a potion of mutation {unknown}
 T - a potion of heal wounds


   Skills:
 + Level 6.1 Fighting
 + Level 9.1 Axes
 + Level 0.5(1.0) Slings
 + Level 1.1(1.2) Throwing
 + Level 5.9 Armour
 + Level 3.1 Dodging
 + Level 1.3 Stealth
 + Level 5.1 Shields
 * Level 3.2 Evocations


You had 9 spell levels left.
You didn't know any spells.
Your spell library contained the following spells:

 Spells                   Type           Power      Damage    Failure   Level
 Shock                    Conj/Air       0%         1d3       71%         1
 Confusing Touch          Hex            0%         N/A       97%         3
 Swiftness                Air            0%         N/A       97%         3
 Airstrike                Air            0%         N/A       100%        4
 Yara's Violent Unravell  Hex/Tmut       0%         3d3       100%        5
 Enfeeble                 Hex            0%         N/A       100%        7


Dungeon Overview and Level Annotations

Branches:
Dungeon (8/15)             Temple (1/1) D:5
   Lair: D:8-11

Altars:
Ashenzari
Elyvilon
Gozag
Hepliaklqana
Makhleb
Nemelex Xobeh
Okawaru
Ru
Sif Muna
Trog
Uskayaw
Vehumet
Xom
Yredelemnul
Zin
The Shining One

Shops:
D:4 ?   D:6 !


Innate Abilities, Weirdness & Mutations

You are partially covered in icy blue scales. (AC +2)
You sometimes emit foul miasma when damaged in melee.


Message History

The ogre barely misses you.
You hit the ogre.
The ogre is heavily wounded.
You slash the ogre!
You kill the ogre!
There is a stone staircase leading up here.
Things that are here:
a +0 giant club; an ogre corpse A steam dragon comes into view.
T - a potion of heal wounds The steam dragon hisses angrily.
You hit the steam dragon.
The steam dragon is lightly wounded.
You block the steam dragon's attack. The steam dragon claws you.
You slash the steam dragon!
The steam dragon is heavily wounded.
The steam dragon barely misses you. The steam dragon closely misses you.
You hit the steam dragon.
The steam dragon is severely wounded.
The steam dragon bites you but does no damage.
The steam dragon claws you but does no damage.
You hit the steam dragon but do no damage.
The steam dragon is severely wounded.
The steam dragon misses you. You block the steam dragon's attack.
You slash the steam dragon!
The steam dragon is almost dead.
The steam dragon breathes steam at you. The ball of steam hits you!!
* * * LOW HITPOINT WARNING * * *
You hear a shout!
You barely miss the steam dragon.
The steam dragon is almost dead.
You are engulfed in a cloud of scalding steam.
* * * LOW HITPOINT WARNING * * *
The steam dragon bites you but does no damage.
The steam dragon claws you but does no damage.
The steam dragon bites you.
* * * LOW HITPOINT WARNING * * *
The steam dragon claws you.
You die...

#........ .####
##.......##..#.###
##.....#..........#
#......#.......>.#
#................#
#...........## ...
#...........##...
##...............
#ยง@D......##..##..
#$.##...<.....## ..
#...##.........#....
##........<)........
...##...#..........
..........##........
......#....#........
......###...........
..D. ..........##


You could see a steam dragon (catching breath).

Vanquished Creatures
  Pikel (D:7)
  Joseph (D:7)
  A hornet (D:7)
  A vampire (D:7)
  A wyvern (D:7)
  A steam dragon (D:8)
  An acid dragon (D:6)
  3 ogres
  A black bear (D:6)
  2 ice beasts
  A centaur (D:8)
  A lemure (D:7)
  A phantom (D:6)
  2 bullfrogs (D:7)
  A kobold brigand (D:7)
  2 scorpions
  8 wights
  7 howler monkeys
  8 hounds
  5 jellies
  An orc priest (D:7)
  Crazy Yiuf (D:4)
  Natasha (twice) (D:2)
  Terence (D:2)
  2 iguanas
  2 orc wizards
  7 gnolls
  4 adders
  A shadow imp (D:5)
  3 white imps
  A worm (D:4)
  2 dart slugs (D:1)
  18 orcs
  8 endoplasms
  3 giant cockroaches
  10 goblins
  4 hobgoblins
  7 jackals (D:4)
  5 quokkas
  7 ball pythons
  6 bats
  A frilled lizard (D:3)
  3 kobolds
  6 rats
154 creatures vanquished.

Vanquished Creatures (others)
  2 fungi (D:4)
  A plant (D:8)
3 creatures vanquished.

Grand Total: 157 creatures vanquished

Notes
Turn   | Place    | Note
-------+----------+-------------------------------------------
     0 | D:1      | jlumianski the Demonspawn Fighter began the quest for the
                  | Orb.
     0 | D:1      | Reached XP level 1. HP: 18/18 MP: 1/1
   312 | D:1      | Reached skill level 2 in Axes
   368 | D:1      | Gained mutation: You may rarely emit foul miasma when
                  | damaged in melee. [demonic ancestry]
   368 | D:1      | Reached XP level 2. HP: 24/24 MP: 2/2
   946 | D:2      | Noticed Terence
   963 | D:2      | Killed Terence
   964 | D:2      | Reached XP level 3. HP: 14/29 MP: 3/3
  1216 | D:2      | Noticed Natasha
  1218 | D:2      | Reached XP level 4. HP: 35/35 MP: 4/4
  1230 | D:2      | Killed Natasha
  1231 | D:2      | Reached skill level 3 in Axes
  1523 | D:2      | Noticed Natasha
  1539 | D:1      | Reached XP level 5. HP: 16/42 MP: 5/5
  1728 | D:2      | Killed Natasha
  2753 | D:4      | Reached skill level 4 in Axes
  2753 | D:4      | Reached skill level 1 in Dodging
  2787 | D:4      | Found an iron altar of Okawaru.
  2903 | D:4      | Gained mutation: You sometimes emit foul miasma when
                  | damaged in melee. [demonic ancestry]
  2903 | D:4      | Reached XP level 6. HP: 48/48 MP: 6/6
  3041 | D:5      | Entered Level 5 of the Dungeon
  3395 | D:4      | Found Kosouklu's Magic Scroll Emporium.
  3400 | D:4      | Bought a scroll of identify for 20 gold pieces
  3400 | D:4      | Bought a scroll of identify for 20 gold pieces
  3400 | D:4      | Bought a scroll of identify for 20 gold pieces
  3400 | D:4      | Bought a scroll of enchant armour for 75 gold pieces
  3630 | D:4      | Found a runed translucent door.
  3631 | D:4      | Noticed Crazy Yiuf
  3639 | D:4      | Killed Crazy Yiuf
  4053 | D:5      | Noticed an ice beast
  4062 | D:5      | Killed an ice beast
  4063 | D:5      | Reached skill level 5 in Axes
  4233 | D:5      | You fall into a shaft and drop 3 floors!
  4233 | D:8      | Noticed an orc warrior
  4299 | D:8      | Reached XP level 7. HP: 42/54 MP: 7/7
  4429 | D:8      | Reached skill level 6 in Axes
  4621 | D:8      | Noticed a steam dragon
  4624 | D:8      | Reached XP level 8. HP: 39/61 MP: 8/8
  4813 | D:8      | Reached skill level 7 in Axes
  5009 | D:7      | Noticed a hornet
  5031 | D:7      | Killed a hornet
  5405 | D:5      | Found a staircase to the Ecumenical Temple.
  5411 | Temple   | Entered the Ecumenical Temple
  5947 | D:5      | Found a sacrificial altar of Ru.
  5947 | D:5      | Found a bloodstained altar of Trog.
  6250 | D:6      | Identified the +0 scale mail of Nyjosior {rElec}
  6255 | D:6      | Reached skill level 5 in Fighting
  6287 | D:6      | Found Wiecwoffo's Distillery.
  6411 | D:6      | Bought 2 potions of heal wounds for 140 gold pieces
  6411 | D:6      | Bought a potion of heal wounds for 70 gold pieces
  6682 | D:6      | Reached skill level 8 in Axes
  6738 | D:6      | Gained mutation: You are partially covered in icy blue
                  | scales. (AC +2) [demonic ancestry]
  6738 | D:6      | Reached XP level 9. HP: 68/68 MP: 9/9
  6829 | D:6      | Reached skill level 5 in Armour
  7140 | D:6      | Found a burning altar of Makhleb.
  7287 | D:7      | Noticed Joseph
  7519 | D:7      | Reached skill level 1 in Stealth
  7658 | D:7      | Reached skill level 1 in Evocations
  7944 | D:7      | Noticed Pikel
  7957 | D:7      | Killed Pikel
  7991 | D:7      | HP: 2/66 [wight/+4 halberd (10)]
  7998 | D:7      | Reached skill level 1 in Throwing
  8265 | D:7      | Killed Joseph
  8266 | D:7      | Reached skill level 9 in Axes
  8613 | D:7      | Reached skill level 5 in Shields
  9001 | D:7      | Reached XP level 10. HP: 55/76 MP: 10/10
  9054 | D:8      | HP: 1/76 [steam dragon (4)]
  9054 | D:8      | Slain by a steam dragon

Illustrated notes

Levels and vault maps discovered:
D:1:      amcnicky_arrival_gap_in_the_tavern_cellar, layout_basic,
          minmay_misc_feat_cross, nrook_uturn
D:2:      layout_rooms, kennysheep_generic_room_2, uniq_natasha, uniq_terence
D:3:      layout_rooms
D:4:      layout_basic, old_standard_altar, serial_shops, shop,
          kennysheep_potato, uniq_crazy_yiuf_cottage
D:5:      layout_basic, gammafunk_temple_overflow_claw, minmay_temple_entry_hall
D:6:      layout_loops_ring, makhleb_heckhound_becter, serial_shops,
          nicolae_shop_waterfront
D:7:      layout_basic, enter_bailey_3, uniq_joseph, uniq_pikel
D:8:      lemuel_castle_with_subvaults [lemuel_castle_interior_carwin_1],
          layout_cave_pools, fedhas_altar_decomposition,
          hellmonk_ghost_happy_afterlife
Temple:   minmay_temple_curvy_loop

Skill      XL: |  1  2  3  4  5  6  7  8  9 |
---------------+----------------------------+-----
Axes           | 2 3 4 5 6 8 9 |  9.1
Armour         | 3 4 5 |  5.9
Shields        | 3 4 5 |  5.1
Dodging        | 1 2 3 |  3.1
Fighting       | 4 5 6 |  6.1
Stealth        | 1 |  1.3
Evocations     | 3 |  3.2
Throwing       | 1 |  1.1
Slings         | |  0.5

Action                   |  1- 3 |  4- 6 |  7- 9 | 10-12 || total
-------------------------+-------+-------+-------+-------++-------
Melee: War axe           |    68 |   174 |   264 |    15 ||   521
 Fire: Fustibalus        |     7 |       |       |       ||     7
Throw: Javelin           |       |       |     9 |       ||     9
Evoke: Wand              |       |     1 |     6 |       ||     7
  Use: Scroll            |     5 |    15 |     1 |       ||    21
       Potion            |     1 |     3 |     9 |       ||    13
Armor: Scale mail        |    34 |   111 |   114 |     7 ||   266
Dodge: Dodged            |    34 |   106 |   199 |     6 ||   345
Block: Buckler           |    21 |    67 |    94 |     2 ||   184

Table legend: (Time is in decaauts)
 A = Elapsed time spent in this place.
 B = Non-inter-level travel time spent in this place.
 C = Inter-level travel time spent in this place.
 D = Time resting spent in this place.
 E = Time spent auto-exploring this place.
 F = Levels seen in this place.
 G = Mean time per level.
                   A        B        C        D        E       F      G
               +--------+--------+--------+--------+--------+-----+--------+
         Total |   9237 |   9010 |    227 |   1526 |   4681 |   9 | 1026.3 |
       Dungeon |   9004 |   8777 |    227 |   1526 |   4681 |   8 | 1125.5 |
        Temple |    233 |    233 |      0 |      0 |      0 |   1 |  233.0 |
               +--------+--------+--------+--------+--------+-----+--------+

Top non-repeatable levels by time:
     D:7: 2296 daAuts
     D:5: 1265 daAuts
     D:4: 1228 daAuts
     D:1: 1156 daAuts
     D:6: 1014 daAuts
     D:2: 841 daAuts
     D:3: 709 daAuts
     D:8: 491 daAuts
  Temple: 233 daAuts
